AoeStats
← grifin666

MegaRandom

506892750Analyzed
1v1 RM · 15d ago on Sep 15, 2026· 56m 13s· 2 players
Game mode
Random Map
Map size
Tiny (2 player)
Population
200
Speed
Normal
Resources
Standard
Victory
Conquest
Starting age
Dark Age
Ending age
Imperial Age
RankedLock teamsTeams togetherTeam positionsShared explorationLock speedFull tech treeHidden civsTurbo modeCheats
Victory
Defeat
🇨🇿 Magyars · Czechia
982
+15
🇲🇽 Berbers · Mexico
961
-15
ADominio
0:26 Loom
9:58 Feudal Age
11:20 Town Watch
11:56 Double-Bit Axe
15:20 Wheelbarrow
15:33 Fletching
19:53 Castle Age
18:16 Fishing Lines
22:09 Padded Archer Armor
22:32 Gillnets
22:58 Crossbowman
27:44 Hand Cart
29:15 Thumb Ring
30:27 Fervor
30:27 Bodkin Arrow
30:45 Gold Mining
33:55 Pikeman
36:04 Scale Mail Armor
40:41 Imperial Age
39:09 Forging
41:30 Iron Casting
41:37 Chain Mail Armor
43:36 Blast Furnace
42:49 Bracer
43:51 Conscription
grifin666
8:15 Loom
11:33 Feudal Age
16:05 Double-Bit Axe
17:46 Horse Collar
22:17 Castle Age
20:43 Bloodlines
20:53 Gold Mining
21:10 Scale Barding Armor
23:38 Bow Saw
23:32 Heavy Plow
25:44 Gold Shaft Mining
28:45 Chain Barding Armor
34:30 Husbandry
40:33 Imperial Age
41:51 Plate Barding Armor
40:40 Cavalier
41:59 Conscription
47:03 Fletching
47:13 Padded Archer Armor
51:36 Chemistry
52:34 Thumb Ring
53:38 Wheelbarrow
53:37 Paladin
54:45 Elite Skirmisher
Connection lost

Rejoining the realm…

Still unreachable

The connection could not be restored.

Session expired

The server has moved on; the page needs a fresh start.